[Event "87th Tata Steel Masters 2025"]
[White "Harikrishna,Pentala"]
[Black "Van Foreest,Jorden"]
[Site "Wijk aan Zee"]
[Round "6.6"]
[Annotator "TA"]
[Result "1/2-1/2"]
[Date "2025.01.24"]
[WhiteElo "2695"]
[BlackElo "2680"]
[PlyCount "107"]
[TimeControl "60"]

1. e4 e5 2. Nf3 Nc6 3. Bb5 Nf6 4. d3 d6 5. O-O a6 6. Bxc6+ {[%emt 0:0:15] C66: Ruy Lopez: Steinitz Defence.} bxc6 7. Re1 c5 8. c3 Bb7 $146 (8... Bg4 9. h3 Bh5 10. Nbd2 Be7 11. Nf1 O-O 12. Ng3 Bg6 13. Nh4 a5 14. Ngf5 Nd7 {0-1 Ivic,V (2610)-Nguyen,T (2663) EU-Cup 39th Vrnjacka Banja 2024 (6.6)} )9. Qc2 Be7 10. d4 cxd4 11. cxd4 d5 12. Qb3 Rb8 13. Qa4+ (13. Nxe5 O-O $11 )(13. dxe5 Nxe4 14. Qa4+ Qd7 15. Qxd7+ Kxd7 $11 )Qd7 14. Qxd7+ Nxd7 15. exd5 $1 {[%emt 0:2:25] White plays in the center} e4 16. Rxe4 Nf6 17. Re2 Nxd5 18. Nc3 f6 {[%emt 0:17:18] Wards off Bg5} 19. Nxd5 Bxd5 20. Bf4 Kd7 {[%emt 0:0:3] [#]} 21. Bxc7 $1 Rb5 (21... Rbc8 22. Ba5 )22. Bf4 g5 23. Be3 (23. Bg3 h5 24. Rc1 Bd8 25. h4 )a5 24. Ne1 a4 25. Nd3 Rhb8 26. Rd1 (26. Ree1 $16 )Bxa2 $11 {[%emt 0:2:25] This pair of bishops is nice.} 27. Nc5+ Ke8 (27... Bxc5 28. dxc5+ Kc7 29. Bd4 $16 )28. Bc1 {[%emt 0:3:0][%cal Yb2b3] [#]} ({Of course not} 28. Nxa4 Bb3 29. Rde1 (29. Ra1 Ra8 $17 )Bxa4 30. Bxg5 Rxg5 $11 )Bc4 29. Re3 {[%emt 0:0:12][%cal Yd1e1] Rde1! is the strong threat.} Kf7 30. Nxa4 Ra5 31. Nc3 Ra1 32. Bd2 Ra7 33. Bc1 Ra1 34. Rde1 Bd8 35. h3 Kg6 36. d5 Ba5 37. d6 Rd8 38. Re4 Bf7 39. Rd4 Bb6 40. Rd2 {[%emt 0:2:56] The position is equal.} Bc5 41. d7 Ra7 42. Rde2 (42. Re4 {seems wilder.} Rc7 43. Rd3 Rdxd7 44. Rxd7 Rxd7 45. Be3 )Raxd7 43. Be3 Bf8 44. Ra1 Rb7 45. Rc2 Be6 46. Ra6 Bf5 47. Rd2 Rxd2 48. Bxd2 Kf7 49. Be3 Rxb2 50. Bd4 Be6 51. Ra7+ Kg6 52. Ra6 Kf7 53. Ra7+ Kg6 54. Ra6 {[%emt 0:0:3] Weighted Error Value: White=0.06 (flawless) /Black=0.04 (flawless)   Mistake:       	White=1     	---        Inaccurate:     	White=1     	Black=2      OK:         	White=23    	Black=31     Best:        	---       	Black=2      Strong:       	White=1     	---} 1/2-1/2

[Event "87th Tata Steel Masters 2025"]
[White "Mendonca,Leon Luke"]
[Black "Warmerdam,Max"]
[Site "Wijk aan Zee"]
[Round "6.7"]
[Annotator "TA"]
[Result "1/2-1/2"]
[Date "2025.01.24"]
[WhiteElo "2639"]
[BlackElo "2646"]
[PlyCount "66"]
[TimeControl "60"]

1. c4 e6 2. Nc3 d5 3. d4 Nf6 4. cxd5 exd5 5. Bg5 Be7 6. e3 c6 7. Bd3 Nbd7 8. h3 {[%emt 0:7:54] D35: Queen's Gambit Declined: Exchange Variation.} Nf8 9. Nf3 $1 {[%emt 0:2:40] 9.Nf3 scores better than 9.Bf4.} Ne6 10. Bh4 {[%emt 0:0:55] The position is equal.} g6 11. O-O O-O 12. Rb1 a5 13. Rc1 Ng7 14. Qb3 Ra7 15. Na4 Bf5 $146 (15... Re8 16. Nc5 Ne6 17. Nxe6 Bxe6 18. a3 Ne4 19. Bxe7 Rxe7 20. Qc2 Nd6 21. Rfe1 Bf5 22. Bxf5 Nxf5 {½-½ Del Rio de Angelis,S (2503)-Llorente Zaro,A (2444) ESP-chT CECLUB Honor 2021 (2.2)} )16. Be2 Ne4 17. Bxe7 Qxe7 18. Qb6 Raa8 19. Nc5 Nd6 20. Rc3 Rfb8 21. Nd2 Nc8 22. Qb3 Ne6 23. Nxe6 Bxe6 24. Rc5 Qd8 25. a4 Nd6 26. Ra1 Ra7 27. Rcc1 h5 28. Qc3 Rba8 29. Qc5 Kh7 30. Bd3 Bf5 31. Bxf5 Nxf5 32. Ra3 Nh4 33. Rd1 Nf5 {[%emt 0:8:38] Not much happened in this game.   Weighted Error Value: White=0.04 (flawless) /Black=0.04 (flawless)   Inaccurate:     	---       	Black=1      OK:         	White=13    	Black=10} 1/2-1/2

[Event "87th Tata Steel Masters 2025"]
[White "Wei,Yi"]
[Black "Mendonca,Leon Luke"]
[Site "Wijk aan Zee"]
[Round "7.1"]
[Annotator "TA"]
[Result "1/2-1/2"]
[Date "2025.01.25"]
[WhiteElo "2751"]
[BlackElo "2639"]
[PlyCount "80"]
[TimeControl "60"]

1. e4 e5 2. Nf3 Nc6 3. Bb5 a6 4. Ba4 Nf6 5. Nc3 b5 6. Bb3 Be7 7. d3 d6 8. a3 O-O 9. O-O $1 {[%emt 0:1:16] 9.0-0 scores better than 9.Nd5.} h6 {[%emt 0:13:30] C77: Ruy Lopez: 3...a6 4 Ba4 Nf6, unusual lines.} 10. Be3 Be6 11. Nd5 Qd7 {[%emt 0:1:19] White is slightly better.} 12. Rc1 $146 (12. h3 Bd8 13. c4 bxc4 14. Nxf6+ Bxf6 15. Ba4 d5 16. exd5 Qxd5 17. dxc4 Qxd1 18. Rfxd1 {½-½ Le,Q (2709)-Caruana,F (2835) Chess24 Banter Blitz Cup Final 2020 (2.2)} )Bd8 13. c4 Na5 14. Ba2 bxc4 15. Nxf6+ Bxf6 16. dxc4 c5 17. b4 cxb4 18. axb4 Nc6 19. Rb1 Rfc8 20. Qa4 Qb7 21. Rfd1 Be7 22. h3 Rcb8 23. Bd2 Rc8 24. Be3 Rcb8 25. Bd2 Rc8 26. Qc2 Qc7 27. Rdc1 a5 28. b5 Nb4 29. Bxb4 axb4 30. Rxb4 Qc5 31. Ra4 (31. Rbb1 $14 )Bd8 $11 32. Rxa8 Rxa8 33. Bb3 Bb6 34. Rb1 Rc8 35. Rc1 Ra8 {[%emt 0:0:32] The position is equal.} 36. Ne1 Ra3 {[%emt 0:0:43][%cal Ya3b3] [#] ...Rxb3! is the strong threat.} 37. Rb1 Qd4 38. Nf3 Qc5 39. Ne1 Qd4 40. Nf3 Qc5 {[%emt 0:1:58] Weighted Error Value: White=0.11 (very precise) /Black=0.10 (very precise)   Mistake:       	White=1     	---        Inaccurate:     	White=3     	Black=2      OK:         	White=8     	Black=15     Best:        	---       	Black=1} 1/2-1/2

[Event "87th Tata Steel Masters 2025"]
[White "Caruana,Fabiano"]
[Black "Sarana,Alexey"]
[Site "Wijk aan Zee"]
[Round "7.2"]
[Annotator "TA"]
[Result "1/2-1/2"]
[Date "2025.01.25"]
[WhiteElo "2803"]
[BlackElo "2677"]
[PlyCount "121"]
[TimeControl "60"]

1. c4 e6 2. g3 Nf6 3. Bg2 d5 4. Nf3 Be7 5. O-O O-O 6. d4 dxc4 7. Qc2 a6 8. a4 Bd7 9. Qxc4 Bc6 10. Bg5 Nbd7 11. Nc3 h6 12. Bf4 {[%emt 0:0:5] E05: Open Catalan: 5 Nf3 Be7.} Bd6 13. Qd3 Bxf4 14. gxf4 {[%emt 0:0:19][%cal Yg3f4,Yf4e5][%mdl 32] The position is equal.} a5 15. Kh1 Ra6 $146 (15... Bxf3 16. Bxf3 c6 17. Rg1 Kh8 18. e4 Qe7 19. Rg3 Rad8 20. Rag1 Rg8 21. e5 Nh7 22. Qe3 Nb6 23. Be4 Qb4 24. Bxh7 Kxh7 25. Ne4 Qe7 26. f5 {1-0 Abasov,N (2632)-Caruana,F (2782) FIDE World Cup 2023 (8.1)} )16. Rg1 Rb6 17. Ne5 Nxe5 18. fxe5 Ng4 {[%emt 0:0:10][%cal Rg4f2] [#]} 19. Qg3 {[%emt 0:22:3] And now Bxc6 would win.} Qxd4 20. Bxc6 Nxf2+ 21. Kg2 bxc6 22. Qxf2 Qxe5 ({Of course not} 22... Qxf2+ 23. Kxf2 Rxb2 24. Rg4 $18 (24. Ne4 Rd8 $16 ))23. e4 Rfb8 24. Rab1 Rb3 {[%emt 0:0:20] [#] Threatens to win with ...Rxc3.} 25. Qc2 c5 26. Kh1 R3b4 27. Rg3 c6 28. Qg2 Kh8 29. Rf3 Kg8 30. Rf2 R8b7 31. Rg1 Kh7 32. Re1 Qg5 33. Ree2 Qe5 34. Re3 Qg5 35. Rg3 Qe5 36. Rgf3 Kg8 37. Rd2 Rd4 38. Re2 Rbd7 39. Ref2 Rd3 40. Rxd3 Rxd3 41. Qf1 Rd7 42. Qe2 (42. Qa6 {is more complex.} Qg5 43. Qc8+ Rd8 44. Qc7 )Rd4 43. Qf3 Rd7 44. Kg2 f6 45. Qg3 Qxg3+ 46. hxg3 $14 {[%emt 0:0:0][%cal Ye4e5][%mdl 4096] Endgame KRN-KR} e5 47. Rc2 Rd4 48. Kf3 Kf7 49. Rc1 h5 50. Nd1 Rxa4 51. Ne3 Rb4 52. Rxc5 Rxb2 53. Rxa5 Rb7 54. Ra8 Rc7 55. Rh8 Kg6 56. Nc4 c5 57. Rd8 Kg5 58. Rd1 Rb7 59. Rc1 g6 60. Ne3 Rb5 61. Nc4 {[%emt 0:14:13] Weighted Error Value: White=0.07 (flawless) /Black=0.07 (flawless)   Inaccurate:     	White=2     	Black=3      OK:         	White=13    	Black=18     Best:        	White=2     	Black=4} 1/2-1/2

[Event "87th Tata Steel Masters 2025"]
[White "Van Foreest,Jorden"]
[Black "Praggnanandhaa,Rameshbabu"]
[Site "Wijk aan Zee"]
[Round "7.3"]
[Annotator "TA"]
[Result "1/2-1/2"]
[Date "2025.01.25"]
[WhiteElo "2680"]
[BlackElo "2741"]
[PlyCount "71"]
[TimeControl "60"]

1. e4 c5 2. Nf3 Nc6 3. Nc3 Nf6 4. Bb5 g6 5. e5 Nh5 6. O-O {[%emt 0:2:1] B30: Sicilian: 2...Nc6 3 Bb5, lines without ...g6.} Bg7 7. Re1 Nd4 8. d3 {[%emt 0:2:18] [#] White is slightly better.} O-O 9. g4 d5 10. h3 a6 11. Ba4 {[%emt 0:2:2] A sharp opening} Ne6 12. gxh5 {[%emt 0:2:28] [#] and Bb3 should not be overlooked} b5 $1 13. Bb3 c4 14. h6 (14. d4 $5 )Bh8 15. dxc4 $146 (15. d4 Qd7 16. Nh2 f6 17. f4 fxe5 18. fxe5 cxb3 19. axb3 b4 20. Na4 Qc6 21. Ng4 {½-½ Kulaots,K (2525)-Stremavicius,T (2544) Oslo Kvisla 2023 (5)} )dxc4 16. Qxd8 Rxd8 17. Bxc4 bxc4 18. Be3 Bb7 19. Ng5 Bxe5 20. Nxe6 fxe6 21. Bg5 Bxc3 22. bxc3 Kf7 {[%emt 0:0:13] Opposite bishops and equal position} 23. Rab1 Bd5 24. Rb6 Rdb8 25. Reb1 Rxb6 26. Rxb6 $11 {[%emt 0:0:7][%mdl 4096] Endgame KRB-KRB} Ke8 27. Kf1 Kd7 28. Ke2 Kc7 29. Rb2 Kc8 (29... Kd6 $11 )30. Ke3 Rb8 (30... Kd7 $14 )31. Rxb8+ $16 {[%emt 0:10:8] White is better.} Kxb8 32. Kd4 Kc7 33. Bxe7 Kc6 34. h4 {[%emt 0:1:2] White is more active.} Bg2 35. a3 Bf1 36. Bb4 {[%emt 0:0:3] Weighted Error Value: White=0.04 (flawless) /Black=0.07 (flawless)   Mistake:       	---       	Black=2      OK:         	White=19    	Black=10     Best:        	White=1     	Black=3      Strong:       	---       	Black=1} 1/2-1/2

[Event "87th Tata Steel Masters 2025"]
[White "Giri,Anish"]
[Black "Abdusattorov,Nodirbek"]
[Site "Wijk aan Zee"]
[Round "7.4"]
[Annotator "TA"]
[Result "1/2-1/2"]
[Date "2025.01.25"]
[WhiteElo "2731"]
[BlackElo "2768"]
[PlyCount "61"]
[TimeControl "60"]

1. c4 e5 2. g3 Nf6 3. Bg2 d5 4. cxd5 Nxd5 5. Nf3 Nc6 6. O-O Nb6 7. Nc3 Be7 8. Rb1 O-O 9. b4 {[%emt 0:3:42] The position is equal.} f6 {[%emt 0:0:9] has lost popularity (9...a6). A29: English Opening: Four Knights Variation with 4 g3.} ({Reject} 9... Bxb4 $6 10. Nxe5 Nxe5 11. Rxb4 $16 )10. d3 Be6 11. b5 Nd4 12. Nd2 c6 13. bxc6 Nxc6 14. Nc4 $146 (14. Nf3 Qd7 15. Be3 Nd5 16. Nxd5 Bxd5 17. a4 Rac8 18. Rb5 Bf7 19. Qb1 {½-½ Movsesian,S (2709)-Ragger,M (2572) EU-ch 11th Rijeka 2010 (2)} )Nxc4 15. dxc4 Qxd1 16. Rxd1 Rab8 17. Nd5 Kf7 18. Be3 Rfd8 19. f4 exf4 20. gxf4 Bf5 21. Rb5 a6 22. Rb6 Na5 23. Rc1 {[%emt 0:0:43] Black should prevent Nxe7.} Bf8 24. Bf2 Re8 25. Bf3 Rbc8 {[%emt 0:7:4][%cal Yf5e4] Repels Nc7} 26. c5 Kg8 {[%emt 0:4:8] Black is weak on the dark squares} 27. Kg2 Be4 $1 28. h4 h5 29. Kg3 f5 30. Nb4 Bxf3 31. Kxf3 {[%emt 0:0:7] An interesting draw.   Weighted Error Value: White=0.05 (flawless) /Black=0.04 (flawless)   OK:         	White=10    	Black=10     Best:        	---       	Black=2      Strong:       	---       	Black=1} 1/2-1/2

[Event "87th Tata Steel Masters 2025"]
[White "Gukesh,Dommaraju"]
[Black "Harikrishna,Pentala"]
[Site "Wijk aan Zee"]
[Round "7.5"]
[Annotator "TA"]
[Result "1-0"]
[Date "2025.01.25"]
[WhiteElo "2777"]
[BlackElo "2695"]
[PlyCount "92"]
[TimeControl "60"]

1. e4 e6 2. d4 d5 3. e5 c5 4. c3 Nc6 5. Nf3 Bd7 6. Be2 Nge7 7. O-O cxd4 8. cxd4 Nf5 9. Nc3 a6 {[%emt 0:4:10] C02: French: Advance Variation.} 10. Kh1 Rc8 11. Rb1 $5 {[%emt 0:13:37][%mdl 4] Leaves trodden paths.} Qb6 $146 (11... b5 12. g4 Nh4 13. Bg5 Be7 14. Be3 Nxf3 15. Bxf3 O-O 16. Be2 f6 17. exf6 Bxf6 18. Qd2 {1-0 Sjugirov,S (2705)-Mekhitarian,K (2559) Titled Tuesday intern op 17th Oct Late blitz 2023 (10)} )12. g4 Nfe7 (12... Nfxd4 $2 13. Be3 $18 )(12... Ncxd4 $5 13. gxf5 Nxf3 $11 )13. Be3 h5 14. g5 Nf5 {[%emt 0:11:12] [#]} (14... Qa7 $11 {should be considered.} )15. g6 $1 $14 f6 16. exf6 gxf6 17. Bd3 Nce7 18. Rg1 Bg7 19. Na4 Qd6 20. b4 b6 {Prevents Nc5.} 21. b5 (21. Bd2 $11 )axb5 (21... Nxe3 $15 22. fxe3 a5 )22. Bxb5 $11 Bxb5 23. Rxb5 Nxe3 24. fxe3 Rc6 25. Qb3 O-O 26. Nxb6 {[%emt 0:3:18] White is more active.} Bh6 27. Na4 ({White should play} 27. Nd2 $16 )Nf5 28. Rc5 $1 {[%emt 0:4:6] [#]} Rxc5 {[%emt 0:0:0] White now steadily converts the win.} (28... Bxe3 $2 29. Qb7 Qe7 (29... Rxc5 30. Qh7# )(29... Ne7 $2 30. Rxc6 Rb8 31. Rxd6 $18 )30. Qxc6 $18 )({Black should try} 28... Rfc8 $14 )29. Nxc5 $40 {[%emt 0:5:56][%mdl 128] White goes for the king.} ({Don't do} 29. dxc5 Qb8 $11 )Nxe3 $2 (29... Bxe3 $16 30. Qb7 Qe7 31. Qxe7 Nxe7 )30. Qb7 $18 Bg7 31. Re1 Nf5 32. Nxe6 {[%emt 0:2:18] Excellent horsemanship.} Rb8 33. Qf7+ Kh8 34. Nxg7 Nxg7 35. Re7 Rg8 36. Rd7 Qb6 37. Rxd5 Qb1+ 38. Kg2 f5 39. Rc5 {[%emt 0:2:29] Repels Qc2+} Qb2+ 40. Kf1 Qa1+ 41. Kf2 Qb2+ 42. Kg3 {[%emt 0:1:9] Qf6 would now be deadly.} h4+ $2 (42... Qb8+ 43. Qc7 Rd8 )43. Kf4 $1 (43. Kxh4 $2 Qf2+ 44. Kg5 Qe3+ (44... Qxf3 $2 45. Qxg8+ Kxg8 46. Rc8+ $19 )45. Kf6 Ne8+ $19 (45... Qxf3 46. Qxg8+ Kxg8 47. Rc8+ ))(43. Nxh4 Qe2 44. Rxf5 (44. Nxf5 Nxf5+ 45. Rxf5 Rxg6+ 46. Qxg6 Qg2+ 47. Kxg2 $11 )Nxf5+ 45. Qxf5 (45. Nxf5 Rxg6+ 46. Qxg6 Qg2+ 47. Kxg2 $11 )Qe3+ 46. Qf3 (46. Nf3 Rxg6+ 47. Qxg6 Qg1+ 48. Nxg1 $11 )Qg5+ (46... Qg1+ 47. Kh3 $16 )47. Kh3 Re8 $11 )Qb8+ 44. Re5 Qd6 {Repels Qf6} 45. Kg5 {[%cal Yg5h6] Kh6! would kill now.} (45. Nxh4 $2 {is the wrong capture.} Qxd4+ 46. Kf3 Qxe5 $19 )Qb8 46. Kf4 (46. Re7 $142 h3 47. Qxf5 Qc8 48. Qf4 (48. Qxc8 Rxc8 49. Ne5 Rf8 $18 )Ne6+ 49. Rxe6 Qd8+ 50. Kh5 (50. Qf6+ Qxf6+ 51. Rxf6 Rg7 52. Rf8+ Rg8 53. Rxg8+ Kxg8 54. Kf6 Kf8 55. g7+ Kg8 )Rg7 51. Qe5 )Qd6 $1 {[%emt 0:2:45] Weighted Error Value: White=0.53/Black=0.89  Loses game:     	---       	Black=1      Mistake:       	White=2     	Black=4      Inaccurate:     	White=1     	Black=2      OK:         	White=8     	Black=10     Best:        	White=5     	Black=3      Strong:       	White=2     	---        Brilliant:      	White=1     	---} 1-0

[Event "87th Tata Steel Masters 2025"]
[White "Fedoseev,Vladimir"]
[Black "Keymer,Vincent"]
[Site "Wijk aan Zee"]
[Round "7.6"]
[Annotator "TA"]
[Result "1-0"]
[Date "2025.01.25"]
[WhiteElo "2717"]
[BlackElo "2733"]
[PlyCount "101"]
[TimeControl "60"]

1. d4 Nf6 2. c4 e6 3. Nf3 d5 4. Nc3 c6 5. Bg5 h6 6. Bxf6 Qxf6 7. e3 Nd7 8. Be2 $1 {[%emt 0:0:31][%mdl 4] is more profitable than 8.Bd3 at the moment.} Qe7 {[%emt 0:0:33] D43: Semi-Slav: 5 Bg5 h6.} 9. c5 $146 (9. O-O g6 10. c5 Bg7 11. e4 O-O 12. Rc1 a5 13. Re1 b6 14. exd5 exd5 15. Bf1 Qd8 16. cxb6 Nxb6 {½-½ Grau Ribas,J (1927)-Van Hattum,L EU-ch SC-OR/496 email 2022} )g5 10. b4 Bg7 {[%emt 0:1:4] The position is equal.} 11. Rc1 O-O 12. b5 g4 13. Nd2 e5 14. Nb3 exd4 15. Nxd4 Ne5 (15... Qxc5 $6 16. Bxg4 Bxd4 17. exd4 Qe7+ 18. Ne2 $14 )16. O-O Qxc5 17. bxc6 {[%emt 0:8:16] White sacrificed a pawn} bxc6 {[%emt 0:0:5] [#]} 18. Ncb5 $1 {[%emt 0:1:8] Inhibits Qd6.} Qb6 19. Nd6 {[%emt 0:0:31][%mdl 1024] White has compensation.} Bd7 20. N4f5 {[%emt 0:1:48] A dynamic duo of knights.} h5 21. f3 ({White should play} 21. Kh1 $14 )Rfb8 $1 $11 22. Kh1 Bf8 (22... Bxf5 23. Nxf5 Re8 24. fxg4 $16 )23. f4 Ng6 {[%emt 0:0:58] ...Bxd6 would now be deadly.} 24. e4 $1 Qb4 (24... Bxd6 $11 25. Nxd6 Qb2 )25. e5 $1 $16 Qa3 (25... Qb2 $16 {is a better defense.} )26. Ng3 $1 $18 Bxd6 (26... Qxa2 $2 27. Nxh5 Bxd6 28. Nf6+ (28. exd6 Qb2 $18 )Kh8 29. Nxd7 $18 (29. exd6 Bf5 $18 ))27. exd6 Qxd6 28. Nxh5 Rb4 29. Bxg4 (29. Qd2 $1 $18 )f5 $16 30. Bf3 Rf8 31. a3 Rb7 32. Re1 {[%emt 0:1:9][%cal Yf1e1,Ye1e3,Ye3g3,Yg3g5][%mdl 32] Wards off Be8} Rf7 (32... Nxf4 $2 33. Nxf4 Qxf4 34. Bxd5+ Kg7 35. Bc4 $18 (35. Bxc6 Rh8 $18 ))33. Qd4 {[%emt 0:0:58] Prevents Nxf4.} Nf8 (33... Rb3 $14 )34. Re3 {[%emt 0:1:44] White is much more active.} Nh7 $2 (34... Rb5 $16 35. h3 (35. Qxa7 Ne6 $16 )Rb8 )35. Be2 (35. Bxd5 $142 cxd5 36. Rg3+ Kf8 37. Qh8+ Ke7 38. Re1+ Be6 39. Rg7 (39. Ng7 Nf8 $18 ))Nf6 $18 36. Rg3+ $1 {[%emt 0:0:15] White attacks} Kh7 {[%emt 0:0:34] [#]} 37. Rg5 $1 c5 {[%emt 0:0:24][%cal Yc6c5,Yc5c4][%mdl 32] [#]} 38. Nxf6+ (38. Qxc5 $2 Qxc5 39. Nxf6+ Rxf6 $19 )(38. Qf2 $1 $16 {[%cal Rf2h4] Intending Qh4 and mate.} Ne4 39. Qh4 )Rxf6 $14 39. Qe3 (39. Qxc5 $2 Qxc5 40. Rg1 Rh6 $19 (40... Qxa3 $2 41. Bf3 $19 ))Rb8 (39... Rg6 $16 )40. Bd3 $18 (40. Rxc5 Qe6 41. Qg1 Qxe2 $17 )(40. Qxc5 $2 {too greedy.} Qxc5 41. Rh5+ Rh6 42. Rxh6+ Kxh6 $19 )c4 41. Qh3+ Rh6 42. Bxf5+ Bxf5 43. Qxf5+ Kh8 44. h3 ({Not} 44. Qxd5 Qxf4 45. Qe5+ (45. Qxc4 $2 Qxh2# )Qxe5 46. Rxe5 Rc6 $11 )Rd8 (44... Qe6 $142 45. Qxe6 (45. Qxd5 Rxh3+ 46. gxh3 Qxh3+ 47. Kg1 Qe3+ 48. Kh1 Qh3+ 49. Kg1 Qe3+ 50. Kh1 Qh3+ $11 )Rxe6 46. Rh5+ (46. Rxd5 Rc6 $18 )Kg7 47. Rxd5 Rc6 48. Rg5+ Kf7 )45. Rd1 $40 {[%emt 0:0:0][%mdl 128] White attacks with force.} d4 46. Qf7 Rh7 {[%emt 0:0:0] Repels Qg7+} 47. Qxc4 Qxf4 48. Qc5 Qe4 $2 {[%emt 0:0:0] [#]} (48... Rh6 49. Rd3 Re8 (49... Qf1+ $2 50. Kh2 $18 )50. Qxd4+ Qxd4 51. Rxd4 Re7 )49. Rd3 $1 {[%emt 0:0:0][%mdl 512] Black must now prevent Rdg3.} a6 (49... Qe1+ 50. Kh2 )50. Rdg3 Qf4 51. Rf3 {[%emt 0:0:0] Weighted Error Value: White=0.14 (very precise) /Black=0.51  Loses game:     	---       	Black=1      Mistake:       	White=4     	Black=6      Inaccurate:     	White=2     	Black=3      OK:         	White=16    	Black=15     Best:        	White=2     	Black=5      Strong:       	White=4     	Black=1      Brilliant:      	White=2     	---} 1-0

[Event "87th Tata Steel Masters 2025"]
[White "Warmerdam,Max"]
[Black "Erigaisi,Arjun Kumar"]
[Site "Wijk aan Zee"]
[Round "7.7"]
[Annotator "TA"]
[Result "1-0"]
[Date "2025.01.25"]
[WhiteElo "2646"]
[BlackElo "2801"]
[PlyCount "75"]
[TimeControl "60"]

1. e4 c5 2. Nf3 d6 3. c3 Nf6 4. h3 Bd7 5. Bd3 Nc6 6. Bc2 Rc8 7. O-O g5 8. d4 $1 {[%emt 0:14:47] d5 would now be deadly. White is slightly better.} g4 9. d5 gxf3 10. dxc6 Bxc6 11. Qxf3 Rg8 {[%emt 0:0:7] Wards off Bg5} 12. Rd1 e6 (12... Qd7 $11 )13. Nd2 $14 b5 {[%emt 0:14:2] Inhibits Nc4.} 14. a4 {[%emt 0:6:18] aiming for axb5.} a6 15. axb5 axb5 16. Nf1 Nd7 17. Ng3 Ne5 18. Qh5 Rg7 (18... Qf6 $142 )19. Kh2 $16 Qf6 20. f4 Nd7 21. Qe2 {[%emt 0:0:0] And now Nh5 would win.} Qd8 22. e5 Qh4 {[%emt 0:3:26] [#]} (22... dxe5 $142 23. Be4 (23. fxe5 Qh4 $11 )Qc7 )23. Ne4 $1 $18 {[%emt 0:2:0] Active counter play!} Bxe4 24. Bxe4 d5 25. Qxb5 {[%emt 0:2:32] Ra7 is the strong threat.} c4 26. Ra7 Rd8 {[%emt 0:0:7] [#]} 27. Bxd5 exd5 28. Qxd5 $40 {[%emt 0:0:7][%mdl 128] White attacks with force.} Qe7 (28... Nb8 {is tougher.} 29. Qxd8+ (29. Qb5+ Nd7 $11 )Qxd8 30. Rxd8+ Kxd8 )29. Ra8 ({Not} 29. Qxc4 Qc5 30. Qxc5 Bxc5 $16 )(29. Be3 $142 )Rxa8 $2 (29... Qe6 {keeps fighting.} )30. Qxa8+ Qd8 31. Qb7 Bc5 {[%emt 0:0:7] Repels Be3} (31... Rg6 $142 32. Be3 Re6 )32. f5 Bb6 33. Bh6 Rg8 34. Kh1 {[%emt 0:3:52] Threatens to win with e6.} ({Stronger than} 34. Rd6 Bc7 $11 )Qc7 35. Qd5 {[%emt 0:0:19] White wants to mate with e6.} Rg3 36. e6 fxe6 37. Qxe6+ Kd8 {[%emt 0:0:5] [#]} 38. Bf4 $1 {[%emt 0:0:7][%mdl 512] Weighted Error Value: White=0.26 (precise) /Black=0.66.  Mistake:       	White=1     	Black=6      Inaccurate:     	White=1     	Black=1      OK:         	White=11    	Black=9      Best:        	White=1     	Black=2      Strong:       	White=2     	---        Brilliant:      	White=1     	---} 1-0

[Event "87th Tata Steel Masters 2025"]
[White "Warmerdam,Max"]
[Black "Wei,Yi"]
[Site "Wijk aan Zee"]
[Round "8.1"]
[Annotator "TA"]
[Result "0-1"]
[Date "2025.01.26"]
[WhiteElo "2646"]
[BlackElo "2751"]
[PlyCount "126"]
[TimeControl "60"]

1. e4 e5 2. Nf3 Nc6 3. d4 exd4 4. Nxd4 Nf6 5. Nxc6 bxc6 6. Bd3 d5 7. exd5 cxd5 8. O-O Be7 9. h3 {[%emt 0:0:11] C45: Scotch Game.} O-O 10. Re1 c5 11. b3 {[%emt 0:0:45] The position is equal.} Bb7 12. Nc3 c4 $5 $146 {[%emt 0:1:3][%mdl 8] New and interesting.} (12... Ne4 13. Bxe4 dxe4 14. Bb2 f5 15. Qe2 Bf6 16. Rad1 Qe8 17. Ba3 Bxc3 18. Qc4+ Rf7 19. Qxc3 {½-½ Warmerdam,M (2608)-Santos Ruiz,M (2603) EU-chT 23rd Terme Catez 2021 (9.4)} )13. Bf1 d4 {[%emt 0:0:13] Wards off Be3} 14. Nb5 Bb4 15. Bd2 Bc5 16. Re5 Ne4 {[%emt 0:0:30] Hoping for ...Qf6.} 17. Rxc5 $1 Qf6 {[%emt 0:0:27] [#]} 18. Be1 Nxc5 19. Qxd4 Qxd4 20. Nxd4 Rfd8 21. Nf5 cxb3 22. axb3 a6 23. Bc4 Ne6 24. Bxe6 fxe6 25. Ne3 Rac8 26. Ra4 Rc5 27. Bb4 Re5 28. Bc3 {[%emt 0:2:6] Against Rd4} Re4 29. Ra2 Rf4 30. Ra5 h6 31. Kf1 Bc6 32. Kg1 Bb7 33. Kf1 Kh7 34. Ke2 Rf7 35. f3 Rc7 36. Be1 Rcd7 37. Bb4 {[%emt 0:3:5][%mdl 1024] White has compensation.} Rb8 38. Bc3 Rc8 39. Bb4 Rc6 40. Bc5 Bc8 41. Ba3 $1 Rb7 42. Bb2 Bd7 43. Ra3 Be8 44. Bd4 Bf7 45. Ra2 Rb4 46. Bb2 Bg6 47. Kd2 Rb5 48. Ra4 Rb7 49. Bd4 Be8 50. Nc4 {[%emt 0:4:24] [#] Dodges Rd6} (50. Ke1 $15 )e5 $1 $17 51. Nxe5 {[%emt 0:2:46] [#]} (51. Bxe5 $17 {might work better.} Rg6 52. Ra5 Rxg2+ 53. Kc1 )Rd6 $1 $19 ({Worse is} 51... Rg6 52. Nxg6 Bxa4 53. Ne5 $11 )52. Rc4 Bb5 53. Rb4 (53. Kd3 )a5 54. Rxb5 Rxb5 55. Ke3 Rbd5 56. Bc3 {[%emt 0:1:18] [#]} a4 $1 57. bxa4 (57. Nc4 Re6+ )Rc5 58. Bd4 Rxc2 59. g4 Ra2 60. f4 Rxa4 61. Bc5 Rd5 62. Be7 {[%emt 0:0:18] [#]} g5 $1 63. Nd3 (63. Bf6 gxf4+ )gxf4+ {[%emt 0:0:5] Weighted Error Value: White=0.30/Black=0.02 (flawless)   Mistake:       	White=3     	---        Inaccurate:     	White=3     	Black=1      OK:         	White=19    	Black=22     Best:        	White=1     	Black=4      Strong:       	White=2     	Black=2      Brilliant:      	---       	Black=1} 0-1